 Dungeon Crawl Stone Soup version 0.31-a0-95-g6fa058ef04 (webtiles) character file.

Game seed: 15430627105574342152

196 ytrimaz the Cudgeller (level 5, 0/54 HPs)
             Began as an Ogre Berserker on May 25, 2023.
             Was a Follower of Trog.
             Succumbed to Sigmund's poison
             ... on level 2 of the Dungeon.
             The game lasted 00:01:05 (939 turns).

ytrimaz the Cudgeller (Ogre Berserker)               Turns: 939, Time: 00:01:06

Health: 0/54       AC:  3    Str: 23    XL:     5   Next: 75%
Magic:  5/5        EV: 10    Int:  8    God:    Trog [*.....]
Gold:   36         SH:  0    Dex:  8    Spells: 4/4 levels left

rFire   . . .        a - +0 mace
rCold   . . .        (no shield)
rNeg    . . .        b - +0 animal skin
rPois   .            (helmet restricted)
rElec   .            (no cloak)
rCorr   .            (gloves unavailable)
SInv    .            (boots unavailable)
Will    +....        (no amulet)
Stlth   +            (no ring)
HPRegen 0.29/turn    (no ring)
MPRegen 0.09/turn

%: no passive effects
@: lethally poisoned (0 -> -4), on berserk cooldown, enlightened, flying,
slowed, very slow
A: large, unfitting armour, tough skin 1
a: Renounce Religion, Berserk


You were on level 2 of the Dungeon.
You worshipped Trog.
Trog was aware of your devotion.
You visited 1 branch of the dungeon, and saw 2 of its levels.

You collected 36 gold pieces.


Innate Abilities, Weirdness & Mutations

You are too large for most types of armour.
You have tough skin. (AC +1)


   Skills:
 - Level 4.0 Fighting
 * Level 5.7 Maces & Flails
 - Level 2.6 Dodging


You had 4 spell levels left.
You didn't know any spells.
Your spell library was empty.

Inventory:

Hand Weapons
 a - a +0 mace (weapon)
Missiles
 h - 6 poisoned darts (quivered)
Armour
 b - a +0 animal skin (worn)
Scrolls
 c - a scroll of identify {unknown}
 d - a scroll of torment {unknown}
 e - 2 scrolls of amnesia {unknown}
 g - a scroll of fog {unknown}
 i - a scroll of teleportation {unknown}

Dungeon Overview and Level Annotations

Branches:
Dungeon (2/15) Zot: 11047

Altars:

###.#########
#...#.......# ...
........# #.#
#.......# #.#
#.......# #. #.#
#.......#
#.#.###.###.......#
#.........#.)@....#
.###.###.#.#####.###
.....###.#.# ###.#
...........# #...#
.........#####.###
...###...<#....# .
#..#)#.####
.....#....#
#..###......#


There were no monsters in sight!


Message History

There is a stone staircase leading up here. 😮 HP[+1]
You sock the bat!
You kill the bat!
Trog accepts your kill. 😮 HP[+1]
j - a smoky ruby potion 😎 HP[+12]
Your hp is fully restored (39).
There is a stone staircase leading up here.
Things that are here:
a +0 short sword; an adder corpse; a kobold corpse Sigmund the Dreaded comes into view.
He is wielding a +1 scythe of venom and carrying a wand of flame (15).
Sigmund zaps a wand.
The puff of flame hits you! 😕 HP[-9]
You take 9 damage, and now have 30/39 hp.
MASSIVE DAMAGE!! (PAUSE) Sigmund hits you with a +1 scythe of venom!
You are poisoned. 😮 HP[-9]
You take 9 damage, and now have 21/39 hp.
MASSIVE DAMAGE!! (PAUSE)
Okay, then.
It was a potion of curing.
You feel better.
Sigmund zaps a wand.
The puff of flame hits you. 😮 HP[+3]
You regained 3 hp, and now have 24/39 hp.
A red film seems to cover your vision as you go berserk!
You feel yourself moving faster!
You feel mighty!
Sigmund hits you with a +1 scythe of venom!
* * * LOW HITPOINT WARNING * * *
You are poisoned. 😨 HP[+4]
You now have 58 max hp (+19).
You regained 4 hp, and now have 28/58 hp.
You closely miss Sigmund.
You feel very sick. 😨 HP[-3]
You take 3 damage, and now have 25/58 hp.
You barely miss Sigmund.
You feel sick. Sigmund closely misses you. 😨 HP[-2]
You take 2 damage, and now have 23/58 hp.
You barely miss Sigmund.
You feel very sick. 😨 HP[-3]
You take 3 damage, and now have 20/58 hp.
Unknown command.
You thump Sigmund!
You feel sick.
Sigmund zaps a wand.
The puff of flame hits you!
* * * LOW HITPOINT WARNING * * *
😱 HP[-11]
You take 11 damage, and now have 9/58 hp.
You thump Sigmund!
You feel sick. Sigmund hits you but does no damage.
You are lethally poisoned!
Unknown command.
You sock Sigmund!
You kill Sigmund!
Trog accepts your kill.
Trog appreciates your killing of a magic user.
* * * LOW HITPOINT WARNING * * *
You feel very sick.
Your Maces & Flails skill gained 2 levels and is now at level 5!
You have reached level 4!
You have reached level 5! 😱 MP[+2]
You now have 81 max hp (+23).
Your mp is fully restored (5).
You are too berserk!
Unknown command.
* * * LOW HITPOINT WARNING * * *
You feel sick. 😱 HP[-1]
You take 1 damage, and now have 8/81 hp.
You feel a strong urge to attack something.
You are no longer berserk.
You are exhausted.
You feel yourself slow down.
* * * LOW HITPOINT WARNING * * *
You feel sick. 😱 HP[-5]
You now have 54 max hp (-27).
Okay, then.
It was a potion of enlightenment.
You feel very buoyant.
You fly up into the air.
* * * LOW HITPOINT WARNING * * *
You feel sick. 😱 HP[-1]
You take 1 damage, and now have 2/54 hp.
Unknown command.
You aren't carrying any potions.
Okay, then.
* * * LOW HITPOINT WARNING * * *
You feel sick. 😱 HP[-1]
You take 1 damage, and now have 1/54 hp.
Okay, then.
You die...

Skill      XL: |  1  2  3 |
---------------+----------+-----
Maces & Flails | 3 5 |  5.7
Fighting       | |  4.0
Dodging        | |  2.6

Action                     |  1- 3 |  4- 6 || total
---------------------------+-------+-------++-------
  Melee: Mace              |    69 |       ||    69
 Invoke: Berserk           |     1 |       ||     1
    Use: Potion            |     1 |     1 ||     2
 Armour: Animal skin       |    22 |       ||    22
  Dodge: Dodged            |    35 |       ||    35

Levels and vault maps discovered:
D:1:      lightli_arrival_statue_moat, layout_basic,
          shapermc_ecumenical_altar_flowoftime, serial_curves, eino_curves_04,
          eino_curves_03, eino_curves_02, eino_curves_04,
          hangedman_decor_clover_reticule
D:2:      layout_basic, grunt_decor_mini_mirrors, uniq_terence, uniq_sigmund

Notes
Turn   | Place    | Note
-------+----------+-------------------------------------------
     0 | D:1      | ytrimaz the Ogre Berserker began the quest for the Orb.
     0 | D:1      | Reached XP level 1. HP: 24/24 MP: 1/1
     0 | D:1      | magus.rc [v1.9.6]
    46 | D:1      | Reached skill level 3 in Maces & Flails
    92 | D:1      | Reached XP level 2. HP: 26/32 MP: 2/2
   589 | D:1      | Found a faded altar of an unknown god.
   838 | D:2      | Reached XP level 3. HP: 26/39 MP: 3/3
   924 | D:2      | Noticed Sigmund
   932 | D:2      | HP: 9/58 [Sigmund/puff of flame (9)]
   934 | D:2      | Killed Sigmund
   935 | D:2      | Reached skill level 5 in Maces & Flails
   935 | D:2      | Reached XP level 4. HP: 8/48 MP: 4/4
   935 | D:2      | Reached XP level 5. HP: 9/54 MP: 5/5
   936 | D:2      | HP: 3/54 [poisoned by Sigmund]
   938 | D:2      | HP: 1/54 [poisoned by Sigmund]
   939 | D:2      | Succumbed to Sigmund's poison

Vanquished Creatures
  Sigmund (D:2)
  An adder (D:2)
  A worm (D:2)
  2 dart slugs (D:1)
  2 ball pythons (D:1)
  2 bats
  An endoplasm (D:1)
  2 giant cockroaches (D:1)
  2 goblins (D:1)
  A hobgoblin (D:1)
  A kobold (D:2)
  A frilled lizard (D:1)
  2 rats (D:1)
19 creatures vanquished.

Table legend:
 A = Non-vault XP
 B = Vault XP
 C = Vault XP percentage of total XP
 D = Non-vault monster count
 E = Vault monster count
 F = Vault count percentage of total count
                 A         B        C        D         E       F
            +---------+---------+-------+---------+---------+-------
      Total |      50 |     231 |  82.2 |      18 |       1 |   5.3
            +---------+---------+-------+---------+---------+-------
        D:1 |      29 |       0 |   0.0 |      14 |       0 |   0.0
        D:2 |      21 |     231 |  91.7 |       4 |       1 |  20.0
            +---------+---------+-------+---------+---------+-------

Skill      XL: |  1  2  3 |
---------------+----------+-----
Maces & Flails | 3 5 |  5.7
Fighting       | |  4.0
Dodging        | |  2.6

Action                     |  1- 3 |  4- 6 || total
---------------------------+-------+-------++-------
  Melee: Mace              |    69 |       ||    69
 Invoke: Berserk           |     1 |       ||     1
    Use: Potion            |     1 |     1 ||     2
 Armour: Animal skin       |    22 |       ||    22
  Dodge: Dodged            |    35 |       ||    35

Illustrated notes

Table legend:
 A = Kills in this place as a percentage of kills in the entire game.
 B = Kills by you in this place as a percentage of kills by you in the entire game.
 C = Kills by friends in this place as a percentage of kills by friends in the entire game.
 D = Other kills in this place as a percentage of other kills in the entire game.
 E = Experience gained in this place as a percentage of experience gained in the entire game.
 F = Experience gained in this place divided by the number of levels of this place that you have seen.
                   A       B       C       D       E      F
               +-------+-------+-------+-------+-------+----------------------
         Total | 100.0 | 100.0 |   N/A |   N/A | 100.0 | 140.5
       Dungeon | 100.0 | 100.0 |   N/A |   N/A | 100.0 | 140.5
               +-------+-------+-------+-------+-------+----------------------

Table legend: (Time is in decaauts)
 A = Elapsed time spent in this place.
 B = Non-inter-level travel time spent in this place.
 C = Inter-level travel time spent in this place.
 D = Time resting spent in this place.
 E = Time spent auto-exploring this place.
 F = Levels seen in this place.
 G = Mean time per level.
                   A        B        C        D        E       F      G
               +--------+--------+--------+--------+--------+-----+--------+
         Total |    952 |    939 |     13 |      0 |    765 |   2 |  476.0 |
       Dungeon |    952 |    939 |     13 |      0 |    765 |   2 |  476.0 |
               +--------+--------+--------+--------+--------+-----+--------+

Top non-repeatable levels by time:
     D:1: 840 daAuts
     D:2: 112 daAuts
